 Dungeon Crawl Stone Soup version 0.27.1-3-gb3d3a73c9e (webtiles) character file.

Game seed: 2828821152000752774

712 Elvor the Conjurer (level 7, 0/40 HPs)
             Began as a Deep Elf Conjurer on Oct 19, 2021.
             Was a Follower of Vehumet.
             Killed from afar by an electric eel (6 damage)
             ... with a bolt of electricity
             ... on level 6 of the Dungeon.
             The game lasted 00:35:03 (3655 turns).

Elvor the Conjurer (Deep Elf Conjurer)              Turns: 3655, Time: 00:35:03

Health: 0/40       AC:  5    Str:  4    XL:     7   Next: 41%
Magic:  17/17      EV: 12    Int: 25    God:    Vehumet [*.....]
Gold:   107        SH:  0    Dex: 13    Spells: 5/17 levels left

rFire    . . .     SeeInvis .   o - +2 dagger (venom)
rCold    . . .     Faith    .   (no shield)
rNeg     . . .     Spirit   .   a - +0 robe
rPois    .         Reflect  .   (no helmet)
rElec    .         Harm     .   x - scarf {repulsion}
rCorr    .         Rampage  .   D - +1 pair of gloves
Will     .....                  r - +0 pair of boots
Stlth    +.........             (no amulet)
HPRegen  0.13/turn              t - ring of wizardry
MPRegen  0.15/turn              (no ring)

@: repel missiles, very slow
A: no striking features
a: Renounce Religion


You were on level 6 of the Dungeon.
You worshipped Vehumet.
Vehumet was aware of your devotion.
You visited 2 branches of the dungeon, and saw 7 of its levels.

You collected 256 gold pieces.
You spent 149 gold pieces at shops.

Inventory:

Hand Weapons
 o - a +2 dagger of venom (weapon)
 E - a +1 short sword of chaos
Missiles
 h - 21 sling bullets
 l - 110 stones
 n - 5 boomerangs
 s - 34 poisoned darts
 v - a throwing net
 G - 2 curare-tipped darts
Armour
 a - a +0 robe (worn)
 r - a +0 pair of boots (worn)
 w - a +0 buckler
 x - a scarf of repulsion (worn)
 D - a +1 pair of gloves (worn)
Jewellery
 t - a ring of wizardry (left hand)
Wands
 y - a wand of mindburst (9)
Scrolls
 b - 2 scrolls of magic mapping
 e - a scroll of enchant weapon {unknown}
 f - a scroll of silence {unknown}
 i - 3 scrolls of amnesia {unknown}
 p - a scroll of torment {unknown}
 q - 2 scrolls of teleportation
 C - 2 scrolls of holy word {unknown}
 F - a scroll of noise
 I - a scroll of fog {unknown}
 J - a scroll of blinking {unknown}
Potions
 c - a potion of berserk rage
 d - a potion of degeneration {unknown}
 g - 4 potions of flight
 j - 2 potions of attraction {unknown}
 k - 4 potions of heal wounds
 m - a potion of brilliance {unknown}
 u - 2 potions of curing {unknown}
 z - a potion of haste {unknown}
 A - a potion of cancellation {unknown}
 B - a potion of might {unknown}
 H - a potion of invisibility {unknown}


   Skills:
 * Level 2.6 Fighting
 + Level 0.5 Throwing
 + Level 2.8 Dodging
 + Level 4.0 Stealth
 * Level 1.8 Shields
 + Level 5.9 Spellcasting
 + Level 6.9 Conjurations
 + Level 0.1 Evocations


You had 5 spell levels left.
You knew the following spells:

 Your Spells              Type           Power      Damage    Failure   Level
a - Magic Dart            Conj           100%       1d8       1%          1
b - Searing Ray           Conj           82%        3d6       1%          2
c - Iskenderun's Mystic   Conj/Tloc      24%        2d7       8%          4
d - Lightning Bolt        Conj/Air       12%        1d25      21%         5

Your spell library contained the following spells:

 Spells                   Type           Power      Damage    Failure   Level
 Freeze                   Ice            28%        1d5       3%          1
 Static Discharge         Conj/Air       24%        N/A       1%          2
 Dazzling Flash           Conj/Hex       48%        N/A       2%          3
 Summon Small Mammal      Summ           28%        N/A       3%          1
 Fulminant Prism          Conj/Hex       12%        3d9       8%          4
 Call Canine Familiar     Summ           7%         N/A       9%          3
 Ozocubu's Armour         Ice            7%         N/A       9%          3
 Summon Guardian Golem    Hex/Summ       7%         N/A       9%          3
 Summon Forest            Summ/Tloc      3%         N/A       61%         5
 Eringya's Noxious Bog    Tmut/Pois      3%         N/A       98%         6
 Ozocubu's Refrigeration  Ice            3%         4d5       100%        7
 Summon Hydra             Summ           3%         N/A       100%        7
 Maxwell's Capacitive Co  Air            3%         ∞         100%        8


Dungeon Overview and Level Annotations

Branches:
Dungeon (6/15)             Temple (1/1) D:4

Altars:
Ashenzari
Dithmenos
Elyvilon
Gozag
Kikubaaqudgha
Nemelex Xobeh
Qazlal
Ru
Sif Muna
Trog
Vehumet
Wu Jian
Xom
Yredelemnul

Shops:
D:2 ?


Message History

Found a potion of flight.
g - 4 potions of flight (gained 1)
Found a dagger.
You see here a +0 dagger.
You see here a +0 ring mail.
Things that are here:
a +0 dagger; a +0 scale mail You see here a +0 flail.
You see here a +0 mace.
There is a stone staircase leading down here.
You climb downwards.
Found 13 gold pieces.
Found a stone staircase leading down.
There is a stone staircase leading up here.
You now have enough gold to buy a scroll of enchant armour on D:2, or buy a scroll of enchant weapon on D:2.
You can access your shopping list by pressing '$'.
You now have 107 gold pieces (gained 13).
An electric eel comes into view.
The electric eel shoots out a bolt of lightning at you!
The bolt of electricity hits you.
There is a stone staircase leading up here.
You climb upwards.
There is a stone staircase leading down here.
HP restored.
You see here a +0 mace.
You see here a +0 flail.
Things that are here:
a +0 scale mail; a +0 dagger
There is a stone staircase leading down here.
You climb downwards.
There is a stone staircase leading up here.
You enter the shallow water.
Moving in this stuff is going to be slow.
The electric eel shoots out a bolt of lightning at you!
The bolt of electricity hits the plant!
The plant begins to die.
The bolt of electricity hits you! The bolt of electricity hits you.
The electric eel shoots out a bolt of lightning at you!
The bolt of electricity hits the plant!
The bolt of electricity hits you!
* * * LOW HITPOINT WARNING * * *
The bolt of electricity hits you.
You die...

###### #..<.# ♣♣
#....#♣≈≈♣≈≈≈
#.♣♣♣@≈≈≈≈P≈P
#P≈♣≈≈≈≈≈≈≈P≈≈
♣≈≈PP≈≈≈≈PPP≈≈
#.≈≈≈≈≈≈≈≈≈≈≈≈≈P≈
#..♣≈P;≈P≈≈≈≈♣P..
#...♣≈≈≈≈....≈ ..
#.............. .
#...............
#.........≈.


You could see an electric eel.

Vanquished Creatures
  The ghost of doomsgape the Cudgeller, an amateur GrFi (D:3)
  A sky beast (D:5)
  A centaur (D:5)
  A kobold brigand (D:3)
  A bullfrog zombie (D:5)
  A jelly (D:4)
  2 hounds
  An orc priest (D:5)
  2 iguanas (D:5)
  2 hound skeletons (D:5)
  5 adders
  2 worms
  An adder skeleton (D:4)
  2 dart slugs (D:3)
  6 orcs
  3 bats
  4 endoplasms
  5 giant cockroaches
  5 goblins
  6 hobgoblins
  2 jackals (D:3)
  14 kobolds
  3 quokkas
  4 ball pythons
  3 frilled lizards
  3 rats (D:1)
81 creatures vanquished.

Notes
Turn   | Place    | Note
-------+----------+-------------------------------------------
     0 | D:1      | Elvor the Deep Elf Conjurer began the quest for the Orb.
     0 | D:1      | Reached XP level 1. HP: 10/10 MP: 6/6
   111 | D:1      | Found a faded altar of an unknown god.
   417 | D:1      | Reached XP level 2. HP: 7/15 MP: 6/8
   420 | D:1      | Learned a level 2 spell: Searing Ray
   879 | D:2      | Reached skill level 5 in Conjurations
   879 | D:2      | Reached XP level 3. HP: 20/20 MP: 4/9
  1330 | D:2      | Found Epoy's Magic Scroll Boutique.
  1335 | D:2      | Bought a scroll of teleportation for 39 gold pieces
  1335 | D:2      | Bought a scroll of identify for 26 gold pieces
  1429 | D:3      | Found a runed translucent gate.
  1429 | D:3      | Noticed doomsgape's ghost (amateur GrFi)
  1430 | D:3      | Found a runed translucent gate.
  1430 | D:3      | Noticed a kobold brigand
  1431 | D:3      | Found a runed translucent gate.
  1606 | D:3      | Reached skill level 1 in Fighting
  1606 | D:3      | Reached XP level 4. HP: 19/25 MP: 2/11
  1708 | D:3      | Found a white marble altar of Elyvilon.
  1956 | D:4      | Learned a level 4 spell: Iskenderun's Mystic Blast
  1966 | D:4      | Found a staircase to the Ecumenical Temple.
  1991 | Temple   | Entered the Ecumenical Temple
  2290 | D:4      | Found an ornate altar of the Wu Jian Council.
  2332 | D:4      | Reached XP level 5. HP: 29/29 MP: 6/13
  2415 | D:4      | Found a broken altar of Ashenzari.
  2528 | D:4      | Found a radiant altar of Vehumet.
  2536 | D:4      | Became a worshipper of Vehumet
  2575 | D:4      | Learned a level 5 spell: Lightning Bolt
  2610 | D:5      | Entered Level 5 of the Dungeon
  2632 | D:5      | Reached skill level 6 in Conjurations
  2657 | D:5      | Found a bloodstained altar of Trog.
  2757 | D:2      | Bought a scroll of identify for 26 gold pieces
  2757 | D:2      | Bought a scroll of noise for 13 gold pieces
  2757 | D:2      | Bought a scroll of magic mapping for 45 gold pieces
  2844 | D:3      | Reached XP level 6. HP: 35/35 MP: 5/15
  2847 | D:3      | Killed doomsgape's ghost
  2848 | D:3      | Reached skill level 5 in Spellcasting
  2898 | D:5      | Reached skill level 1 in Shields
  3002 | D:5      | Noticed a sky beast
  3008 | D:5      | Killed a sky beast
  3009 | D:5      | Reached XP level 7. HP: 21/40 MP: 9/17
  3044 | D:5      | Reached * piety under Vehumet
  3044 | D:5      | Offered knowledge of Freeze by Vehumet.
  3655 | D:6      | Killed from afar by an electric eel

Illustrated notes

Levels and vault maps discovered:
D:1:      scummos_arrival_hexagon, layout_loops_ring,
          shapermc_ecumenical_altar_hornbeckon
D:2:      layout_basic, serial_shops, shop, minmay_misc_feat_x
D:3:      layout_rooms, mainiacjoe_overflow_alcove_1,
          gammafunk_ghost_nasty_kobolds, minmay_misc_feat_roman
D:4:      layout_rooms, nicolae_overflow_crystal_walls,
          nicolae_wu_jian_immortal_techniques, marbit_many_paths, temple_pool_b,
          corexii_item_surrounded_by_moat
D:5:      layout_cave_pods, trog_three_pillars_becter
D:6:      layout_gridville, okawaru_gym_becter, serial_bayou_ford_a
Temple:   grunt_temple_mini_profane

Skill      XL: |  1  2  3  4  5  6  7 |
---------------+----------------------+-----
Conjurations   | 5 6 |  6.9
Fighting       | 1 2 |  2.6
Stealth        | 3 4 |  4.0
Spellcasting   | 4 5 |  5.9
Shields        | 1 |  1.8
Throwing       | |  0.5
Dodging        | |  2.8
Evocations     | |  0.1

Action                   |  1- 3 |  4- 6 |  7- 9 || total
-------------------------+-------+-------+-------++-------
Melee: Dagger            |       |     9 |       ||     9
Throw: Dart              |       |     6 |     2 ||     8
 Cast: Magic Dart        |    72 |    32 |     7 ||   111
       Searing Ray       |     2 |    12 |     5 ||    19
Evoke: Wand              |       |     4 |       ||     4
  Use: Scroll            |     2 |     1 |       ||     3
Armor: Robe              |       |     2 |       ||     2
Dodge: Dodged            |     1 |    13 |     3 ||    17
